AoeStats
← sergiomn19

Lombardia

508394544Analyzed
4v4 RM · 11d ago on Sep 22, 2026· 14m 18s· 8 players
Game mode
Random Map
Map size
Large (8 player)
Population
200
Speed
Normal
Resources
Standard
Victory
Conquest
Starting age
Dark Age
Ending age
Imperial Age
RankedLock teamsTeams togetherTeam positionsShared explorationLock speedFull tech treeHidden civsTurbo modeCheats
Victory
Defeat
🇮🇹 Persians · Italy
762
+14
🇪🇸 Shu · Spain
758
+14
🇮🇹 Japanese · Italy
731
+15
🇪🇸 Chinese · Spain
547
+21
🇨🇳 Celts · China
752
-18
🇨🇳 Turks · China
749
-18
🇨🇳 Saracens · China
658
-25
🇨🇱 Burgundians · Chile
653
-14
1175523390
12:06 Feudal Age
Mapuche Mayer
Nick76Luo
11:05 Feudal Age
15:40 Castle Age
游泳健身了解下
10:10 Feudal Age
15:20 Castle Age
Selu
1:17 Loom
12:26 Feudal Age
13:15 Horse Collar
13:21 Double-Bit Axe
Kingslayers_
11:37 Feudal Age
16:47 Castle Age
sergiomn19
3:59 Loom
11:00 Feudal Age
11:47 Double-Bit Axe
12:12 Horse Collar
raffaelepierri1987
10:50 Feudal Age
Connection lost

Rejoining the realm…

Still unreachable

The connection could not be restored.

Session expired

The server has moved on; the page needs a fresh start.